Cogmind - Beta 9.6 @@@ ROGUE MODE // 2020.05.16 @ 21:05:55 Player: TheGreatBorealis Result: Self-destructed Performance ------------- Evolutions (2) 1000 Regions Visited (5) 1000 Robots Destroyed (18) 90 Value Destroyed (312) 312 Prototype IDs (2) 40 Alien Tech Used (0) 0 Bonus (282) 282 TOTAL SCORE: 2724 Bonus ------- Aligned with FarCom 300 Friendly Fire -18 Cogmind --------- Core Integrity 550/550 Matter 250/300 Energy 92/275 System Corruption 0% Temperature Cool (523) Movement Walking (150) Ox1 Location -8/Materials Parts ------- > --- POWER (1) -------- Deuterium Engine > --- PROPULSION (4) --- Aluminum Leg Aluminum Leg Carbon-fiber Leg Carbon-fiber Leg > --- UTILITY (3) ------ Small Storage Unit Experimental Sensor Array > --- WEAPON (3) ------- Firepult > --- INVENTORY (6) ---- Ion Engine Ion Engine Aluminum Leg Sensor Array Ion Cannon Peak State ------------ > --- POWER ------------ Deuterium Engine > --- PROPULSION ------- Aluminum Leg Aluminum Leg Carbon-fiber Leg Carbon-fiber Leg > --- UTILITY ---------- Heat Sink Small Storage Unit Experimental Sensor Array > --- WEAPON ----------- Beam Cannon Firepult > --- INVENTORY -------- Ion Engine Ion Engine Aluminum Leg Sensor Array Ion Cannon [Rating: 40] Favorites ----------- Power Ion Engine Engine Ion Engine Propulsion Aluminum Leg Leg Aluminum Leg Utility Small Storage Unit Device Heat Sink Storage Small Storage Unit Weapon Beam Cannon Energy Gun Small Laser Energy Cannon Beam Cannon Ballistic Gun Assault Rifle Build | -11 -10 -10 -10 -9 -8 ------- Run | Scr Mat Min Exi Min Mat Slots Evolved 4 | . . . . . 4 Power . | . . . . . . Propulsion 2 | . . . . . 2 Utility 1 | . . . . . 1 Weapon 1 | . . . . . 1 Parts Attached 19 | 7 4 1 1 . 6 Power 2 | 1 . . . . 1 Engine 2 | 1 . . . . 1 Core . | . . . . . . Reactor . | . . . . . . Propulsion 5 | 2 . 1 . . 2 Treads . | . . . . . . Leg 5 | 2 . 1 . . 2 Wheel . | . . . . . . Hover . | . . . . . . Flight . | . . . . . . Utility 4 | 1 2 . . . 1 Device 3 | . 2 . . . 1 Storage 1 | 1 . . . . . Processor . | . . . . . . Hackware . | . . . . . . Protection . | . . . . . . Artifact . | . . . . . . Weapon 8 | 3 2 . 1 . 2 Energy Gun 1 | 1 . . . . . Energy Cannon 5 | . 2 . 1 . 2 Ballistic Gun 2 | 2 . . . . . Ballistic Cannon . | . . . . . . Launcher . | . . . . . . Special Weapon . | . . . . . . Impact Weapon . | . . . . . . Slashing Weapon . | . . . . . . Piercing Weapon . | . . . . . . Special Melee Weapon . | . . . . . . Unidentified Prototypes 2 | . . . 1 . 1 Parts Lost 2 | . . . . . 2 Power . | . . . . . . Propulsion . | . . . . . . Utility 1 | . . . . . 1 Weapon 1 | . . . . . 1 Highest Loss Streak 2 | . . . . . 2 Average Slot Usage (%) 92 | . 98 100 88 85 76 Engine 13 | . 14 14 14 14 9 Leg 28 | . 28 28 28 28 29 Device 13 | . 12 14 14 14 13 Storage 13 | . 14 14 14 14 9 Energy Cannon 20 | . 12 28 17 14 15 Naked Turns . | . . . . . . Heaviest Build 40 | 12 16 16 32 32 40 Greatest Support 50 | 20 20 25 25 25 50 Greatest Overweight (x) 1 | 1 . . 1 1 1 Average Overweight (x) . | . . . . 1 . Largest Inventory Capacity 6 | 6 6 6 6 6 6 Average Capacity 5 | 5 6 6 6 6 6 Most Carried 6 | 3 6 6 6 6 6 Average Carried 5 | 1 4 5 6 6 5 Final Capacity 6 | 6 6 6 6 6 6 Final Carried 6 | 2 6 6 6 6 5 Class Distribution -------------------- 90% | Mutant 9% | Skirmisher Dominant Class ---------------- Mutant | -10/Materials Mutant | -10/Mines Mutant | -10/Exiles Mutant | -9/Mines Skirmisher | -8/Materials Resources | -11 -10 -10 -10 -9 -8 ----------- Run | Scr Mat Min Exi Min Mat Matter Collected 339 | 150 41 138 . 10 . Remotely . | . . . . . . Salvage Created 385 | . 41 227 . . 117 Parts 26 | . 8 18 . . . Haulers Intercepted . | . . . . . . Recyclers Shooed . | . . . . . . Parts Field Recycled . | . . . . . . Retrieved Matter . | . . . . . . Parts Self-Destructed . | . . . . . . Prevented . | . . . . . . Kills | -11 -10 -10 -10 -9 -8 ------- Run | Scr Mat Min Exi Min Mat Combat Hostiles Destroyed 14 | . 3 11 . . . Guns 3 | . 3 . . . . Cannons 11 | . . 11 . . . Classes Destroyed 4 | . 1 1 . . 2 Operator 1 | . . . . . 1 Watcher 3 | . . . . . 3 Swarmer 12 | . 3 9 . . . Grunt 2 | . . 2 . . . Best Kill Streak 3 | . 3 3 . . 1 Combat Bots Only 3 | . 3 3 . . . Max Kills in Single Turn 2 | . 1 2 . . 1 Gunslinging . | . . . . . . Exploded . | . . . . . . Melee . | . . . . . . Uniques/NPCs Destroyed . | . . . . . . Combat | -11 -10 -10 -10 -9 -8 -------- Run | Scr Mat Min Exi Min Mat Damage Taken 339 | . 34 188 . 11 106 Core 44 | . 19 25 . . . Absorbed by Shields . | . . . . . . Core Remaining (%) 91 | 100 . . . 82 . Volleys Fired 33 | . 5 19 . . 9 Largest 2 | . 2 2 . . 2 Hottest 310 | . 120 120 . . 310 Shots Fired 63 | . 10 38 . . 15 Gun 6 | . 6 . . . . Cannon 57 | . 4 38 . . 15 Launcher . | . . . . . . Special . | . . . . . . Kinetic 3 | . 3 . . . . Thermal 60 | . 7 38 . . 15 Explosive . | . . . . . . Electromagnetic . | . . . . . . Robot Hit Streak 7 | . 2 7 . . 7 Robot Miss Streak 10 | . 3 9 . . 10 Penetration Max . | . . . . . . Secondary Targets . | . . . . . . Shots Hit Robots 28 | . 4 15 . . 9 Core Hits 26 | . 3 12 . . 11 Critical Hits 1 | . . 1 . . . Critical Kills . | . . . . . . Critical Parts Destroyed 1 | . . 1 . . . Melee Attacks . | . . . . . . Impact . | . . . . . . Slashing . | . . . . . . Piercing . | . . . . . . Sneak Attacks . | . . . . . . Combat Hostiles . | . . . . . . Follow-up Attacks . | . . . . . . Damage Inflicted 922 | . 35 403 . . 484 Guns 35 | . 35 . . . . Cannons 563 | . . 403 . . 160 Explosions 324 | . . . . . 324 Melee . | . . . . . . Ramming . | . . . . . . Kinetic 13 | . 13 . . . . Thermal 909 | . 22 403 . . 484 Explosive . | . . . . . . Electromagnetic . | . . . . . . Impact . | . . . . . . Slashing . | . . . . . . Piercing . | . . . . . . Highest Corruption . | . . . . . . Average Corruption . | . . . . . . Corruption Purged . | . . . . . . Overload Shots . | . . . . . . Overflow Damage 17 | . . . . . 17 Projectiles 4 | . . . . . 4 Explosions 13 | . . . . . 13 Melee . | . . . . . . Knockbacks . | . . . . . . Impact . | . . . . . . Kinetic . | . . . . . . Secondary . | . . . . . . Self-Inflicted Damage 48 | . . . . . 48 Shots 6 | . . . . . 6 Rammed . | . . . . . . Targets Rammed . | . . . . . . Kicked . | . . . . . . Crushed . | . . . . . . Highest Temperature 724 | . 60 150 . . 724 Average Temperature 174 | . 30 59 . . 308 Received Heat Transfer 24 | . . . . 6 18 Effects 17 | . . . . . 17 Shutdowns 4 | . . . . . 4 Interference 4 | . . . . . 4 Matter Decay 3 | . . . . . 3 Short Circuit 2 | . . . . . 2 Damage (minor) 4 | . . . . . 4 Siege Activations . | . . . . . . Robots Corrupted . | . . . . . . Combat Hostiles . | . . . . . . Parts Fried . | . . . . . . Impact Corruptions . | . . . . . . Robots Melted . | . . . . . . Combat Hostiles . | . . . . . . Parts Melted 10 | . . . . . 10 Heat Transferred 3412 | . 50 851 . . 2511 Parts Sabotaged . | . . . . . . Parts Stolen . | . . . . . . Parts Stripped . | . . . . . . Power Chain Reactions . | . . . . . . Missiles Intercepted . | . . . . . . Alert | -11 -10 -10 -10 -9 -8 ------- Run | Scr Mat Min Exi Min Mat Peak Influence 194 | . 100 194 . . 155 Average Influence 49 | . 57 52 . . 78 Maximum Alert Level . | . . . . . . Low Security (%) 100 | 100 100 100 . 100 100 Level 1 . | . . . . . . Level 2 . | . . . . . . Level 3 . | . . . . . . Level 4 . | . . . . . . Level 5 . | . . . . . . High Security . | . . . . . . Max Security . | . . . . . . Squads Dispatched 2 | . . . . 1 1 Investigation . | . . . . . . Extermination . | . . . . . . Reinforcement 1 | . . . . . 1 Assault 1 | . . . . 1 . Garrison . | . . . . . . Intercept . | . . . . . . Construction Impeded . | . . . . . . Haulers Reinforced . | . . . . . . Stealth | -11 -10 -10 -10 -9 -8 --------- Run | Scr Mat Min Exi Min Mat Distress Signals 1 | . . . . . 1 Communications Jammed . | . . . . . . Distress Signals . | . . . . . . Times Spotted 27 | . 5 12 . 5 5 Peak Tracking Total 4 | . 2 3 . 4 3 Tactical Retreats . | . . . . . . Traps | -11 -10 -10 -10 -9 -8 ------- Run | Scr Mat Min Exi Min Mat Traps Triggered . | . . . . . . Indirectly . | . . . . . . Trap Hack Attempts . | . . . . . . Triggered . | . . . . . . Disarmed . | . . . . . . Reprogrammed . | . . . . . . Reused . | . . . . . . Traps Extracted . | . . . . . . Installed . | . . . . . . Triggered . | . . . . . . Machines | -11 -10 -10 -10 -9 -8 ---------- Run | Scr Mat Min Exi Min Mat Machines Disabled 2 | . . . . . 2 Max in Single Turn 1 | . . . . . 1 Machines Sabotaged . | . . . . . . Garrisons Compromised . | . . . . . . Overloaded Fab Kills . | . . . . . . Fab Network Shutdowns . | . . . . . . Hacking | -11 -10 -10 -10 -9 -8 --------- Run | Scr Mat Min Exi Min Mat Machines Accessed 2 | . 2 . . . . Terminals 2 | . 2 . . . . Fabricators . | . . . . . . Repair Stations . | . . . . . . Recycling Units . | . . . . . . Scanalyzers . | . . . . . . Garrison Access . | . . . . . . Total Hacks 3 | . 3 . . . . Successful 1 | . 1 . . . . Failed 2 | . 2 . . . . Catastrophic . | . . . . . . Database Lockouts . | . . . . . . Manual 1 | . . . 1 . . Terminals 3 | . 3 . . . . Fabricators . | . . . . . . Repair Stations . | . . . . . . Recycling Units . | . . . . . . Scanalyzers . | . . . . . . Garrison Access . | . . . . . . Terminal Hacks 1 | . 1 . . . . Emergency Access Points 1 | . 1 . . . . Fabricator Hacks . | . . . . . . Repair Station Hacks . | . . . . . . Recycling Unit Hacks . | . . . . . . Scanalyzer . | . . . . . . Garrison Access Hacks . | . . . . . . Unauthorized Hacks . | . . . . . . Terminals . | . . . . . . Fabricators . | . . . . . . Repair Stations . | . . . . . . Recycling Units . | . . . . . . Scanalyzers . | . . . . . . Garrison Access . | . . . . . . Data Cores Recovered . | . . . . . . Used . | . . . . . . Hacking Detections 2 | . 2 . . . . Full Trace Events . | . . . . . . Feedback Events . | . . . . . . Feedback Blocked . | . . . . . . Robot Schematics Acquired . | . . . . . . Robots Built . | . . . . . . Matter . | . . . . . . Time . | . . . . . . Total Robot Build Rating . | . . . . . . Part Schematics Acquired . | . . . . . . Parts Built . | . . . . . . Matter . | . . . . . . Time . | . . . . . . Total Part Build Rating . | . . . . . . Parts Repaired . | . . . . . . Time . | . . . . . . Parts Recycled . | . . . . . . Recycled Matter . | . . . . . . Retrieved Matter . | . . . . . . Retrieved Components . | . . . . . . Parts Scanalyzed . | . . . . . . Part Schematics Acquired . | . . . . . . Parts Damaged . | . . . . . . Bothacking | -11 -10 -10 -10 -9 -8 ------------ Run | Scr Mat Min Exi Min Mat Used RIF Installer . | . . . . . . Robots Hacked . | . . . . . . Non-combat . | . . . . . . Combat . | . . . . . . Robot Hacks Applied . | . . . . . . Relay Couplers Released . | . . . . . . Robots Rewired . | . . . . . . Allies Hacked . | . . . . . . Hacks Repelled . | . . . . . . Allies | -11 -10 -10 -10 -9 -8 -------- Run | Scr Mat Min Exi Min Mat Total Allies 1 | . . . . 1 . Largest Group 1 | . . . . 1 . Highest-Rated Group 31 | . . . . 31 . Highest-Rated Ally 31 | . . . . 31 . Total Orders . | . . . . . . Ally Attacks 1 | . . . . 1 . Total Damage 22 | . . . . 22 . Kills . | . . . . . . Allies Corrupted . | . . . . . . Allies Melted . | . . . . . . Intel | -11 -10 -10 -10 -9 -8 ------- Run | Scr Mat Min Exi Min Mat Robot Analysis Total . | . . . . . . Derelict Logs Recovered 2 | . . 2 . . . Drone Launches . | . . . . . . Drone Recoveries . | . . . . . . Exploration | -11 -10 -10 -10 -9 -8 ------------- Run | Scr Mat Min Exi Min Mat Turns Passed 2477 | 76 274 952 656 217 302 Spaces Moved 1710 | 54 188 692 462 130 184 Core 3 | 3 . . . . . Treads . | . . . . . . Legs 1707 | 51 188 692 462 130 184 Wheels . | . . . . . . Hover . | . . . . . . Flight . | . . . . . . Fastest Speed 50 | 50 120 120 120 150 120 Average Speed 128 | 117 120 120 141 150 128 Slowest Speed 150 | 120 120 120 150 150 150 Overloaded Moves . | . . . . . . Propulsion Burnouts . | . . . . . . Robots Hopped . | . . . . . . Cave-ins Triggered . | . . . . . . Exploration Rate (%) 44 | 4 32 99 91 20 23 Regions Visited 5 Branch Regions 3 Pre-discovered Areas 1 | . . 1 . . . Known Exits Taken . | . . . . . . Unknown Exits Taken 5 | 1 1 1 1 1 . Scrap Searched 3 | . . 3 . . . Spaces Dug . | . . . . . . Terrain Destroyed 58 | . . . . . 58 Melee . | . . . . . . Projectile 3 | . . . . . 3 AOE 55 | . . . . . 55 Actions | -11 -10 -10 -10 -9 -8 --------- Run | Scr Mat Min Exi Min Mat Total 1921 | 64 226 778 466 152 235 Wait 135 | 1 22 56 . 23 33 Move 1705 | 53 187 691 461 129 184 Hop . | . . . . . . Pick Up 14 | 2 5 5 1 . 1 Fast Attach 13 | 6 3 . 1 . 3 Attach 3 | 1 . . . . 2 Detach 1 | 1 . . . . . Swap 3 | . 1 1 . . 1 Drop 14 | . 3 6 3 . 2 Fire 33 | . 5 19 . . 9 Melee . | . . . . . . Ram . | . . . . . . Kick . | . . . . . . Crush . | . . . . . . Escape Stasis . | . . . . . . Rewire . | . . . . . . Trap . | . . . . . . Miscellaneous . | . . . . . . Route ------- -11/Scrapyard -10/Materials -10/Mines (discovered 3 exits: [*Mat x2] / *Exi) -10/Exiles -9/Mines (discovered 2 exits: [*Mat x2]) -8/Materials History --------- Turn | Location | Event 6 | -11/Scrapyard | Discovered new exit (range 15) 77 | -11/Scrapyard | Entered Materials 300 | -10/Materials | Build established: Mutant 337 | -10/Materials | Discovered new exit (range 11) 351 | -10/Materials | Entered Mines 383 | -10/Mines | Joined a pair of Derelicts in attacking an 0b10 outpost 525 | -10/Mines | Found a damaged Exp. Sensor Array with a note attached 528 | -10/Mines | Found Prototype Device 639 | -10/Mines | Discovered new exit (range 4) 787 | -10/Mines | Discovered new exit (range 10) 931 | -10/Mines | Learned location of Mines (-9) 946 | -10/Mines | Learned Materials emergency access door positions 1297 | -10/Mines | Deemed a non-threat by the Exiles lab entrance 1298 | -10/Mines | Discovered new exit (range 5) 1303 | -10/Mines | Entered Exiles 1338 | -10/Exiles | Met 8R-AWN 1357 | -10/Exiles | Met EX-HEX 1407 | -10/Exiles | Met EX-BIN 1426 | -10/Exiles | Aligned with FarCom system 1427 | -10/Exiles | Given EX-Vault access code 1456 | -10/Exiles | Opened EX-Vault 1463 | -10/Exiles | Found Prototype Energy Cannon 1463 | -10/Exiles | Identified Firepult 1577 | -10/Exiles | Warned to stay clear of 0b10 Research branches 1628 | -10/Exiles | Met EX-DEC 1690 | -10/Exiles | Visited The Gauntlet 1947 | -10/Exiles | Discovered new exit (range 10) 1959 | -10/Exiles | Left Exiles lab with Firepult 1959 | -10/Exiles | Entered Mines 2045 | -9/Mines | Discovered new exit (range 15) 2052 | -9/Mines | Met a Derelict testing a Signal Generator 2134 | -9/Mines | Discovered new exit (range 8) 2176 | -9/Mines | Entered Materials 2176 | -8/Materials | Evolved 4 slots: Propulsion x2, Utility x1, Weapon x1 2329 | -8/Materials | Identified Exp. Sensor Array 2478 | -8/Materials | Self-destructed Last Messages --------------- 02455_ Beam Cannon temporarily disabled. 02455_ G-47 Trooper overheating. 02456_ Overheating: System interference. 02456_ Firepult temporarily disabled. 02456_ Exp. Sensor Array temporarily disabled. 02457_ Overheating: Firepult damaged (-209). 02458_ Overheating: Beam Cannon damaged (-14). 02461_ Carbon-fiber Leg permanently disabled. 02461_ Overheating: Short circuit. 02462_ Overheating: Broken Heat Sink damaged (-16). 02466_ Overheating: Matter decay (-60). 02468_ Overheating: Broken Carbon-fiber Leg damaged (-53). 02473_ Beam Cannon destroyed. 02473_ Destroyed Beam Cannon. 02475_ Power failure, Deuterium Engine shutdown. 02476_ Overheating: Matter decay (-26). 02477_ Overheating: Matter decay (-41). 02477_ Broken Heat Sink destroyed. 02478_ Overheating: System interference. 02478_ Firepult temporarily disabled. Map ----- +----------------------------------------------------+ | | | | | | | | | ???????????????????????????????????????? | | ???????????????????????????????????????? | | ???????????????????????????????????????? | | ???????????????????????????????????????? | | ???????????????????????????????????????? | | ???????????????????????????????????????? | | ???????????????????????????????????????? | | ???????????????????????????????????????? | | ???????????????????????????????????????? | | ???????????????????????????????????????? | | ??????????????####?????????????????????? | | ?????????????? #?????????########????? | | ?????????????? #####??#### #????? | | ??????????###?# # ?# #! #????? | | ??????????# # # """ # # """ #????? | | ????#" " # # # """ + + """ #????? | | % # """ # # """ #????? | | ????### " # # ??# # #????? | | ????# / ?# # ????# ########????? | | ????# / # ######## # #????? | | ????# " #;; # + "" #????? | | ????# ?"" """ Y @ # "G #????? | | ???????"" """ ; g # "" #????? | | ???????"" """ # ### ####;##? #????? | | ??????? ?# # #?? #????? | | ??????? ?# # #???#####????? | | ??????######??# # #????????????? | | ??????????????# + #????????????? | | ??????????????##+# #????????????? | | ?????????????????# !! #????????????? | | ?????????????????# !! #????????????? | | ?????????????????# ! #????????????? | | ?????????????????# #????????????? | | ?????????????????#+########????????????? | | ??????????##+##### ###?????????????????? | | ????##????# #?????????????????? | | ????# ???+ #?????????????????? | | ????#[ ???# #?????????????????? | | ????# ???# ###### #?????????????????? | | ????# "??# #?????+#?????????????????? | | ????# """# #?#?????????#????????????? | | ##### """# #?# ??????? #????????????? | | # # #?# """ #????????????? | | """# """# #?# """"" #????????????? | | """# """# #?# """"" #????????????? | | """# """# #?# """"" #????????????? | +----------------------------------------------------+ Best States ------------- Heat Dissipation 41 Energy Generation 14 Energy Capacity 275 Matter Stores 300 Matter Capacity 300 Sight Range 16 Robot Scan Range 30 Terrain Scan Range 14 Terrain Scan Density 10 Evasion (%) 40 Item Schematics ----------------- None Robot Schematics ------------------ None Fabricated ------------ Nothing Alien Tech Used ----------------- None Achievements -------------- None Challenges ------------ None Game ------ Seed NuclearSensorTerrabomb Manual? 0 Play Time 00:18:31 Cumulative 20.0 hours Start 2020.05.16 @ 16:37:39 End 2020.05.16 @ 21:05:55 Sessions 3 Manual Loads 0 Difficulty Rogue Special Mode None Game No. 42 Rogue 42 Adventurer 0 Explorer 0 Win Type - Total 0 Types 0/0/0/0/0/0/0 Lore% 19 Gallery% 27 Achievement% 23 Wizard Run 0 Options --------- ASCII 0 Keyboard 1 Movement Numpad Keybinds 0 Fullscreen 2 Font 18/Terminus Map View 76x50 Tactical HUD 1 Map Filters NONE Filters NONE Steam 1 RUN: ae291d41-0ae3-45a4-955a-f47781c62712